[Event "Titled Tuesday Blitz January 04 2022"]
[White "Aloma Vidal, Robert"]
[Black "Ibarra Jerez, Jose Carlos"]
[WhiteFideId "2260409"]
[BlackFideId "2226332"]
[WhiteElo "2435"]
[BlackElo "2626"]
[Result "0-1"]
[Round "10"]
[TimeControl "180+1"]
[Date "2022.01.04"]
[WhiteClock "0:00:21"]
[BlackClock "0:01:27"]

1. e4 c5 2. c3 Nf6 3. e5 Nd5 4. Nf3 Nc6 5. Bc4 Nb6 6. Bb3 g6 7. d4 cxd4 8. cxd4 Bg7 9. O-O O-O 10. Nc3 d6 11. exd6 Qxd6 12. d5 Na5 13. Re1 Bg4 14. h3 Nxb3 15. axb3 Bf5 16. Bg5 Rfe8 17. Nd4 Bd7 18. Ndb5 Bxb5 19. Nxb5 Qxd5 20. Qxd5 Nxd5 21. Rxa7 Rxa7 22. Nxa7 Bxb2 23. Nb5 f6 24. Rd1 e6 25. Bh4 Be5 26. f3 Ra8 27. Nd4 Nc3 0-1


[Site "https://www.chess.com"]

[Event "Titled Tuesday Blitz January 04 2022"]
[White "Artemenko, Oleg"]
[Black "Rychagov, Andrey"]
[WhiteFideId "14201798"]
[BlackFideId "4119932"]
[WhiteElo "2287"]
[BlackElo "2500"]
[Result "1-0"]
[Round "10"]
[TimeControl "180+1"]
[Date "2022.01.04"]
[WhiteClock "0:00:01"]
[BlackClock "0:00:01"]

1. d4 d5 2. Nc3 Nf6 3. Bf4 Bf5 4. f3 c6 5. g4 Bg6 6. h4 h6 7. e3 e6 8. Bd3 Bxd3 9. Qxd3 Bd6 10. Nge2 Na6 11. O-O-O Qd7 12. Bxd6 Qxd6 13. g5 Nh5 14. e4 O-O-O 15. e5 Qd7 16. g6 Rdf8 17. Rdg1 Nb4 18. Qe3 fxg6 19. Rxg6 Qf7 20. Rhg1 Qxf3 21. Qxf3 Rxf3 22. Rxe6 Rhf8 23. a3 Na6 24. Reg6 Nc7 25. Kd2 Kd7 26. Ng3 Nxg3 27. Rxg7+ R8f7 28. Rxf7+ Rxf7 29. Rxg3 Ne6 30. Ne2 Rf2 31. Ke3 Rh2 32. Rf3 Ke7 33. Ng3 Rxc2 34. Nf5+ Kd7 35. Nd6 Nd8 36. Rg3 Ne6 37. Rf3 c5 38. Rf7+ Kc6 39. Nxb7 cxd4+ 40. Kd3 Rh2 41. Na5+ Kb5 42. Rxa7 Rh3+ 43. Kd2 Nf4 44. a4+ Kb6 45. Rf7 Rh2+ 46. Kd1 Nd3 47. Nb3 Nxb2+ 48. Ke1 Nd3+ 49. Kd1 Nxe5 50. Rf6+ Kc7 51. Nxd4 Nc4 52. Nb5+ Kd7 53. a5 Rb2 54. Nc3 Rb3 55. Kc2 Rb2+ 56. Kc1 1-0


[Site "https://www.chess.com"]

[Event "Titled Tuesday Blitz January 04 2022"]
[White "Bortnyk, Olexandr"]
[Black "Svane, Frederik"]
[WhiteFideId "14120828"]
[BlackFideId "12923044"]
[WhiteElo "2723"]
[BlackElo "2459"]
[Result "0-1"]
[Round "10"]
[TimeControl "180+1"]
[Date "2022.01.04"]
[WhiteClock "0:00:20"]
[BlackClock "0:00:17"]

1. e4 c5 2. c3 d5 3. exd5 Qxd5 4. d4 e6 5. Be3 Nf6 6. Nf3 cxd4 7. cxd4 Bb4+ 8. Nc3 Bd7 9. Bd3 Bb5 10. O-O Bxc3 11. bxc3 O-O 12. Rb1 Bxd3 13. Qxd3 Rc8 14. Rb5 Qc6 15. Ne5 Qc7 16. Bh6 Qxc3 17. Qb1 gxh6 18. Rb3 Qxd4 19. Rg3+ Kf8 20. Nf3 Qf4 21. h3 Nbd7 22. Rd1 Rc7 23. Qb2 Rac8 24. Qa3+ Ke8 25. Kh2 h5 26. Rd4 Qh6 27. Qxa7 Ng4+ 28. Rgxg4 hxg4 29. Rxg4 Nf6 30. Rg3 Qf4 31. Qa3 Nh5 32. Qb2 Nxg3 33. fxg3 Qd6 34. Qh8+ Ke7 35. Qxh7 Qd5 36. Qh4+ Kd6 37. Qf4+ Kc6 38. Qb4 b6 39. a4 Kb7 40. h4 Rc2 41. Qf4 f5 42. h5 R8c3 43. Nh4 Rd3 44. h6 Rdd2 45. Qf1 Rc7 46. a5 Qxa5 47. Nf3 Rdc2 48. Qd3 Qd5 49. Qe3 Rh7 50. Nh4 Rc4 51. Qg5 Rg4 52. Qe3 f4 53. Qe2 fxg3+ 54. Kh3 Rxh4+ 55. Kxh4 Rxh6+ 56. Kxg3 Qg5+ 57. Kf2 Rf6+ 58. Kg1 Qc5+ 59. Kh2 Rh6+ 60. Kg3 Rg6+ 61. Kh2 Qd6+ 62. Kg1 Rg7 63. Qe4+ Qd5 64. Qc2 Qxg2+ 65. Qxg2+ Rxg2+ 66. Kxg2 Kc6 67. Kf2 Kc5 68. Ke2 Kc4 69. Kd2 b5 70. Kc1 b4 71. Kb2 Kd3 72. Kb1 Kd2 73. Kb2 e5 74. Kb3 e4 75. Kc4 e3 76. Kb5 e2 77. Ka4 e1=Q 78. Kb3 Qe3+ 79. Kc4 b3 80. Kb5 b2 81. Ka4 b1=Q 82. Ka5 Qa3# 0-1


[Site "https://www.chess.com"]

[Event "Titled Tuesday Blitz January 04 2022"]
[White "Costachi, Mihnea"]
[Black "Sadhwani, Raunak"]
[WhiteFideId "1217518"]
[BlackFideId "35093487"]
[WhiteElo "2464"]
[BlackElo "2616"]
[Result "0-1"]
[Round "10"]
[TimeControl "180+1"]
[Date "2022.01.04"]
[WhiteClock "0:00:49"]
[BlackClock "0:01:26"]

1. d4 Nf6 2. Bg5 d5 3. Nf3 Ne4 4. Bf4 Bf5 5. e3 e6 6. Nbd2 Nd7 7. Bd3 c6 8. Bxe4 dxe4 9. Ne5 Nf6 10. O-O Be7 11. h3 h6 12. c3 O-O 13. b4 a5 14. a3 Nd5 15. Qc2 Nxf4 16. exf4 e3 17. Ne4 exf2+ 18. Kxf2 Qd5 19. Ke3 Rfd8 20. g4 Bh7 21. f5 exf5 22. gxf5 Re8 23. Qg2 Bg5+ 24. Kd3 axb4 25. axb4 Rxa1 26. Rxa1 Bxf5 27. h4 Rxe5 28. Ra8+ Kh7 29. hxg5 Bxe4+ 30. Qxe4+ Qxe4+ 0-1


[Site "https://www.chess.com"]

[Event "Titled Tuesday Blitz January 04 2022"]
[White "Daggupati, Balaji"]
[Black "Samadov, Read"]
[WhiteFideId "2090759"]
[BlackFideId "13417444"]
[WhiteElo "2670"]
[BlackElo "2084"]
[Result "1/2-1/2"]
[Round "10"]
[TimeControl "180+1"]
[Date "2022.01.04"]
[WhiteClock "0:00:24"]
[BlackClock "0:00:19"]

1. e4 c5 2. Nf3 d6 3. d4 cxd4 4. Nxd4 Nf6 5. Nc3 a6 6. Qe2 g6 7. Bg5 Bg7 8. O-O-O Nbd7 9. f4 Qc7 10. Nf3 e5 11. fxe5 dxe5 12. Qc4 Qb8 13. Nd5 Nxd5 14. exd5 Qd6 15. Be2 O-O 16. Qh4 Re8 17. Nd2 e4 18. Rhf1 b5 19. Nxe4 Qe5 20. Nc3 b4 21. Bf4 Qf6 22. Bg5 Qe5 23. Rfe1 Qc7 24. d6 Qa5 25. Bf3 Rxe1 26. Rxe1 bxc3 27. Bxa8 Qxa2 28. bxc3 Qa1+ 29. Kd2 Bxc3+ 30. Ke2 Bxe1 31. Qxe1 Qe5+ 32. Kf2 Qxg5 33. Qe8+ Kg7 34. Qxc8 Qf6+ 35. Bf3 Qxd6 36. Qc6 Qxc6 37. Bxc6 Ne5 38. Bd5 Kf6 39. Ke3 Ke7 40. Kd4 Kd6 41. c4 Nd7 42. Bxf7 Nc5 43. Bg8 h6 44. Bh7 g5 45. g3 a5 46. h4 a4 47. hxg5 hxg5 48. Kc3 Ke5 49. Kb4 Kd4 50. Bf5 a3 51. Kxa3 Kxc4 52. Kb2 Kd4 53. Kc2 Ke3 54. g4 Nb7 55. Be6 Nd6 56. Kd1 Ne4 57. Ke1 Kf4 58. Bc8 Nf6 59. Kf2 Nd5 60. Bf5 Ne3 61. Bc8 Ke4 62. Bf5+ Kd4 63. Bc8 Nd5 64. Kf3 Nf6 65. Bf5 Ke5 66. Bc8 Ne8 67. Bf5 Nd6 68. Bd7 Nc4 69. Bf5 Kd4 70. Bc8 Ne5+ 71. Kg3 Ke3 72. Bf5 Nc4 73. Bc8 Nd2 74. Bf5 Nb3 75. Bc8 Nd4 76. Bf5 Ne2+ 77. Kg2 Kf4 78. Kf2 Ng3 79. Bc8 Ne4+ 80. Kg2 Nd6 81. Be6 Ne8 82. Bc8 Nc7 83. Bf5 Nd5 84. Bc8 Ne3+ 85. Kf2 Nc4 86. Kg2 Nd6 87. Bf5 Nxf5 88. gxf5 Kxf5 89. Kf3 Ke5 90. Kg4 Kf6 91. Kg3 Kg6 92. Kg4 Kh6 93. Kg3 Kh5 94. Kh3 Kg6 95. Kg4 Kf6 96. Kg3 Kf5 97. Kf3 g4+ 98. Kg3 Kg5 99. Kg2 Kf4 100. Kf2 Ke4 101. Kg3 Kf5 102. Kg2 Kf4 103. Kf2 g3+ 104. Kg2 Kg4 105. Kg1 Kg5 106. Kg2 Kf4 107. Kg1 Ke3 108. Kg2 Kf4 109. Kg1 Kf3 110. Kf1 g2+ 111. Kg1 Ke4 112. Kxg2 1/2-1/2


[Site "https://www.chess.com"]

[Event "Titled Tuesday Blitz January 04 2022"]
[White "Danada, Tomas"]
[Black "Grandelius, Nils"]
[WhiteFideId "14919362"]
[BlackFideId "1710400"]
[WhiteElo "2051"]
[BlackElo "2617"]
[Result "0-1"]
[Round "10"]
[TimeControl "180+1"]
[Date "2022.01.04"]
[WhiteClock "0:00:01"]
[BlackClock "0:00:16"]

1. e4 c6 2. d4 d5 3. f3 g6 4. c3 Bg7 5. Nd2 Nh6 6. e5 f6 7. exf6 exf6 8. Bd3 Nf5 9. Nb3 O-O 10. Ne2 Qe7 11. Kf2 a5 12. a4 Re8 13. Re1 Ne3 14. Qd2 Bh6 15. f4 Nc4 16. Qd1 Nd6 17. Ng3 Qxe1+ 18. Qxe1 Rxe1 19. Kxe1 b6 20. Kf2 Ba6 21. Bxa6 Nxa6 22. Bd2 Nc4 23. Bc1 Kf7 24. Nf1 Nc7 25. Nbd2 Nd6 26. g3 Re8 27. b3 g5 28. Ba3 Ne4+ 29. Nxe4 dxe4 30. fxg5 Bxg5 31. Re1 f5 32. Bc1 Bf6 33. Ne3 Kg6 34. Nc4 Nd5 35. Bd2 c5 36. Ne3 Nxe3 37. Bxe3 cxd4 38. Bxd4 Bxd4+ 39. cxd4 Rc8 40. g4 Rc3 41. gxf5+ Kxf5 42. Rb1 Kf4 43. b4 Rc2+ 44. Ke1 Rxh2 45. Rb3 e3 46. bxa5 Kf3 47. Kd1 Rh1+ 0-1


[Site "https://www.chess.com"]

[Event "Titled Tuesday Blitz January 04 2022"]
[White "Deac, Bogdan-Daniel"]
[Black "Paravyan, David"]
[WhiteFideId "1226380"]
[BlackFideId "4194985"]
[WhiteElo "2646"]
[BlackElo "2569"]
[Result "1-0"]
[Round "10"]
[TimeControl "180+1"]
[Date "2022.01.04"]
[WhiteClock "0:01:17"]
[BlackClock "0:00:15"]

1. e4 e5 2. Nf3 Nc6 3. d4 exd4 4. Nxd4 Nf6 5. Nxc6 bxc6 6. e5 Qe7 7. Qe2 Nd5 8. h4 g6 9. Nd2 Bg7 10. Nf3 O-O 11. c4 Ba6 12. Bg5 Qc5 13. Qd2 Nb6 14. b4 Nxc4 15. bxc5 Nxd2 16. Kxd2 Bxf1 17. Rhxf1 Rfb8 18. Rab1 a6 19. a4 a5 20. Kc2 Bf8 21. Be3 d6 22. exd6 cxd6 23. Rxb8 Rxb8 24. Rb1 Ra8 25. Rb6 dxc5 26. Rxc6 Rb8 27. Bxc5 Bg7 28. Bb6 h6 29. Bxa5 Rb2+ 30. Kd3 Rxf2 31. Rc2 Rf1 32. Be1 g5 33. hxg5 hxg5 34. Ke2 Rh1 35. Nxg5 Rh5 36. Rc8+ Bf8 37. Nf3 Kg7 38. Bc3+ f6 39. Bxf6+ 1-0


[Site "https://www.chess.com"]

[Event "Titled Tuesday Blitz January 04 2022"]
[White "Demchenko, Anton"]
[Black "Theodorou, Nikolas"]
[WhiteFideId "4160258"]
[BlackFideId "4262875"]
[WhiteElo "2539"]
[BlackElo "2472"]
[Result "1-0"]
[Round "10"]
[TimeControl "180+1"]
[Date "2022.01.04"]
[WhiteClock "0:00:09"]
[BlackClock "0:01:32"]

1. e4 e5 2. Nf3 Nc6 3. Nc3 Nf6 4. d4 exd4 5. Nxd4 Bb4 6. Nxc6 bxc6 7. Bd3 d5 8. exd5 O-O 9. O-O cxd5 10. h3 c6 11. Qf3 h6 12. Bf4 Bd6 13. Rfe1 Be6 14. b3 Re8 15. Rad1 a5 16. Na4 c5 17. Bb5 Re7 18. Bxh6 Ne4 19. Bf4 f5 20. Bc6 Bxf4 21. Qxf4 Rc8 22. Bxd5 Bxd5 23. c4 Rd7 24. Rxd5 Rxd5 25. cxd5 Qf6 26. f3 Qd4+ 27. Kh2 Qf2 28. Qe3 Qg3+ 29. Kg1 Ng5 30. Kf1 f4 31. Qf2 Qh2 32. d6 Rd8 33. Qxc5 Nxh3 34. Qd5+ 1-0


[Site "https://www.chess.com"]

[Event "Titled Tuesday Blitz January 04 2022"]
[White "Dev, Shah"]
[Black "Timofeev, Artyom"]
[WhiteFideId "35019058"]
[BlackFideId "4140419"]
[WhiteElo "2098"]
[BlackElo "2583"]
[Result "0-1"]
[Round "10"]
[TimeControl "180+1"]
[Date "2022.01.04"]
[WhiteClock "0:00:03"]
[BlackClock "0:01:29"]

1. d4 d5 2. c4 e6 3. Nf3 c6 4. g3 dxc4 5. Bg2 b5 6. a4 Bb7 7. Ne5 Qc8 8. b3 cxb3 9. Qxb3 a6 10. Nc3 Nf6 11. O-O Nbd7 12. Bg5 Nxe5 13. dxe5 Nd5 14. axb5 axb5 15. Rxa8 Qxa8 16. Nxd5 exd5 17. e6 f6 18. Bf4 Be7 19. e4 d4 20. Qb2 O-O 21. Qxd4 Rd8 22. Qb6 c5 23. Qxb5 Ba6 24. Qb6 Bxf1 25. Bxf1 Qxe4 26. Qc7 Qxe6 27. h4 Rd1 0-1


[Site "https://www.chess.com"]

[Event "Titled Tuesday Blitz January 04 2022"]
[White "Djordjevic, Vuk"]
[Black "Yaksin, Oleg"]
[WhiteFideId "902098"]
[BlackFideId "24105880"]
[WhiteElo "2463"]
[BlackElo "2256"]
[Result "0-1"]
[Round "10"]
[TimeControl "180+1"]
[Date "2022.01.04"]
[WhiteClock "0:00:04"]
[BlackClock "0:00:11"]

1. d4 Nf6 2. Bg5 e6 3. e4 h6 4. Bxf6 Qxf6 5. c3 d6 6. Bd3 g6 7. Ne2 Bg7 8. O-O Nd7 9. f4 Qe7 10. f5 O-O 11. fxg6 fxg6 12. Nf4 e5 13. Nxg6 Rxf1+ 14. Qxf1 Qg5 15. Bc4+ Kh7 16. Qf7 Nf6 17. Nf8+ Kh8 18. Ng6+ Kh7 19. Na3 Qxg6 20. Qxc7 Bh3 21. Bf1 exd4 22. Qxb7 Rf8 23. Re1 Nd5 24. Qb5 Ne3 25. Qe2 Bg4 26. Qd2 Nxf1 27. Rxf1 Rxf1+ 28. Kxf1 Qxe4 29. Nb5 d3 30. Nxd6 Be2+ 31. Kf2 Qe5 32. Nc4 Qf5+ 33. Ke3 Qg5+ 34. Kf2 Qf5+ 35. Kg3 Qg4+ 36. Kf2 Bf6 37. Ne3 Bh4+ 38. g3 Qf3+ 39. Ke1 Bg5 40. Nc4 Bxd2+ 41. Kxd2 Qh1 42. Ne3 Qxh2 43. g4 Qg3 44. b4 Qf4 45. c4 Kg6 46. c5 Kf6 47. c6 Ke6 48. b5 Kd6 49. a4 Kc7 50. a5 Qg5 51. b6+ axb6 52. a6 Kxc6 53. a7 Kb7 54. a8=Q+ Kxa8 55. Ke1 Qxe3 56. g5 d2# 0-1


[Site "https://www.chess.com"]

[Event "Titled Tuesday Blitz January 04 2022"]
[White "Efimenko, Zahar"]
[Black "Poormosavi, Seyed Kian"]
[WhiteFideId "14107201"]
[BlackFideId "12585807"]
[WhiteElo "2528"]
[BlackElo "2116"]
[Result "1-0"]
[Round "10"]
[TimeControl "180+1"]
[Date "2022.01.04"]
[WhiteClock "0:00:08"]
[BlackClock "0:00:20"]

1. e4 c6 2. d4 d5 3. Nc3 dxe4 4. Nxe4 Nf6 5. Nxf6+ exf6 6. c3 Bf5 7. Bd3 Bxd3 8. Qxd3 Bd6 9. Nf3 O-O 10. O-O Re8 11. Bd2 Nd7 12. Rfe1 Nf8 13. Rxe8 Qxe8 14. Re1 Qd7 15. h3 Ne6 16. Qf5 Rd8 17. Qg4 Bc7 18. Nh4 g6 19. Nf3 Qd6 20. g3 Qd5 21. Kg2 Qxa2 22. Qh4 f5 23. Bg5 Re8 24. Bf6 Bd6 25. Be5 Qd5 26. Bxd6 Qxd6 27. Re5 Nc7 28. Ng5 h5 29. Nf3 f6 30. Rxe8+ Nxe8 31. c4 a5 32. b3 b5 33. d5 bxc4 34. Qxc4 Qxd5 35. Qc3 Kf7 36. Kg1 Nd6 37. Nd4 Nb5 38. Qxc6 Qxc6 39. Nxc6 Ke6 40. Nxa5 f4 41. Kg2 Nd4 42. gxf4 Kf5 43. b4 Kxf4 44. Nc4 Nb5 45. Nb6 g5 46. Nd7 f5 47. Nc5 h4 48. Ne6+ Ke5 49. Nxg5 Kf4 50. Nf3 Ke4 51. Nxh4 f4 52. Nf3 Nd6 53. h4 Nf5 54. h5 Kd5 55. Kh3 Nh6 56. Kh4 Ke4 57. Nh2 Nf5+ 58. Kg5 Ng7 59. h6 Ne6+ 60. Kg6 Kd3 61. Kf6 Nf8 62. Kg7 Ne6+ 63. Kg8 Ng5 64. h7 Nxh7 65. Kxh7 Kc4 66. f3 Kxb4 67. Kg6 Kc4 68. Kf5 Kd4 69. Kxf4 Kd5 70. Kg5 Ke6 71. f4 Kf7 72. f5 Kg7 73. f6+ Kf7 74. Kf5 Kf8 75. Kg6 Kg8 76. f7+ Kf8 77. Ng4 Ke7 78. Kg7 1-0


[Site "https://www.chess.com"]

[Event "Titled Tuesday Blitz January 04 2022"]
[White "Ezat, Mohamed"]
[Black "Shipov, Sergei"]
[WhiteFideId "10600906"]
[BlackFideId "4113624"]
[WhiteElo "2386"]
[BlackElo "2778"]
[Result "0-1"]
[Round "10"]
[TimeControl "180+1"]
[Date "2022.01.04"]
[WhiteClock "0:00:05"]
[BlackClock "0:00:22"]

1. d4 Nf6 2. Nf3 g6 3. Nbd2 d5 4. e3 Bg7 5. b4 a5 6. b5 a4 7. c4 c6 8. Ba3 O-O 9. Be2 Bf5 10. O-O Nbd7 11. Rc1 Re8 12. h3 Qa5 13. g4 Be6 14. Ng5 Nf8 15. Ndf3 cxb5 16. cxb5 h6 17. Nxe6 Nxe6 18. Ne5 Ne4 19. Qd3 Rac8 20. Bf3 N6g5 21. Bg2 Qd2 22. Rxc8 Rxc8 23. Bxe7 Bxe5 24. Qxd2 Nxd2 25. Rd1 Ndf3+ 26. Kh1 Bg7 27. Bxg5 Nxg5 28. Bxd5 Rc2 29. Kg2 b6 30. Rd3 Bf8 31. h4 Ne6 32. h5 g5 33. Kf3 Bd6 34. Rd1 Kf8 35. Ra1 Ke7 36. Be4 Rb2 37. Bd5 Rxb5 38. Bc6 Rb4 39. a3 Rc4 40. Bb5 Rc3 41. Bxa4 Rxa3 42. Rxa3 Bxa3 43. Ke4 Bb4 44. f3 Bd2 45. Kd3 Bc1 46. Bb3 Kd6 47. Ke4 b5 48. Kd3 f6 49. Ke4 Nc7 50. Kf5 Bxe3 51. Kxf6 Bxd4+ 52. Kg6 Ke7 53. Kxh6 Kf6 54. f4 Be3 55. fxg5+ Bxg5+ 56. Kh7 Ne6 57. h6 Nd4 58. Ba2 b4 59. Bc4 Be3 60. Bb3 Nxb3 61. Kg8 Bxh6 62. g5+ Bxg5 63. Kh7 Nd4 64. Kh8 b3 65. Kh7 b2 66. Kh8 b1=Q 67. Kg8 Qb8+ 68. Kh7 Qc7+ 69. Kh8 Qg7# 0-1


[Site "https://www.chess.com"]

[Event "Titled Tuesday Blitz January 04 2022"]
[White "Fernandez Reyes, Lisandro"]
[Black "Kobo, Ori"]
[WhiteFideId "3504190"]
[BlackFideId "2812320"]
[WhiteElo "2374"]
[BlackElo "2420"]
[Result "1-0"]
[Round "10"]
[TimeControl "180+1"]
[Date "2022.01.04"]
[WhiteClock "0:01:01"]
[BlackClock "0:00:01"]

1. e4 g6 2. Nc3 Bg7 3. Bc4 d6 4. d3 Nf6 5. f4 c6 6. Bb3 Na6 7. d4 O-O 8. Nf3 c5 9. e5 Ne8 10. Be3 cxd4 11. Bxd4 Bg4 12. h3 Bxf3 13. Qxf3 dxe5 14. Bxe5 Bxe5 15. fxe5 Qd4 16. Qe4 Rd8 17. Rd1 Qxe4+ 18. Nxe4 Rxd1+ 19. Kxd1 Ng7 20. Rf1 Nf5 21. Kc1 Nd4 22. Bd5 b6 23. c3 Nf5 24. Rf3 Nc7 25. Bb3 Kg7 26. g4 Nh4 27. Rd3 Rc8 28. Rd7 Kf8 29. Ng5 Ke8 30. Rd1 e6 31. Nxh7 Nf3 32. Nf6+ Kf8 33. Nd7+ Ke7 34. Rd3 Ne1 35. Re3 Ng2 36. Rd3 Nf4 37. Rd2 Rd8 38. Nf6 Rxd2 39. Kxd2 Nxh3 40. Ke3 Ne8 41. Ne4 Nc7 42. c4 g5 43. Bc2 Nf4 44. Nxg5 Ng6 45. Nf3 Nf8 46. b4 Ne8 47. g5 Nd7 48. Kd4 Ng7 49. c5 bxc5+ 50. bxc5 Kd8 51. c6 Nb8 52. Kc5 Na6+ 53. Kb5 Nc7+ 54. Kc5 Na6+ 55. Kc4 Kc7 56. Nd4 Nb8 57. Be4 a6 58. a4 Nh5 59. Kc5 Nf4 60. Nb5+ axb5 61. axb5 Ng6 62. b6+ Kc8 63. Kd6 Na6 64. c7 Nf8 1-0


[Site "https://www.chess.com"]

[Event "Titled Tuesday Blitz January 04 2022"]
[White "Firat, Burak"]
[Black "Harutjunyan, Gevorg"]
[WhiteFideId "6305881"]
[BlackFideId "13300873"]
[WhiteElo "2419"]
[BlackElo "2498"]
[Result "1-0"]
[Round "10"]
[TimeControl "180+1"]
[Date "2022.01.04"]
[WhiteClock "0:00:10"]
[BlackClock "0:00:01"]

1. Nf3 Nf6 2. c4 g6 3. g3 Bg7 4. Bg2 O-O 5. O-O d6 6. Nc3 e5 7. d3 c6 8. Rb1 Re8 9. Bg5 Nbd7 10. b4 h6 11. Bxf6 Nxf6 12. b5 d5 13. bxc6 bxc6 14. Qa4 e4 15. Nd4 Bd7 16. Nxc6 Qc8 17. cxd5 Nxd5 18. Nxd5 Bxc6 19. Qb3 exd3 20. Qxd3 Qd8 21. Rfc1 Rc8 22. Rc2 Bd7 23. Rxc8 Qxc8 24. Bf3 Qc5 25. Kg2 h5 26. h4 Rd8 27. Rd1 Kh8 28. Nf4 Bh3+ 29. Nxh3 Rxd3 30. Rxd3 Bd4 31. e3 Bf6 32. Nf4 Kg7 33. Rd7 Kf8 34. Bd5 Be7 35. Rb7 a5 36. Kf3 a4 37. Kg2 a3 38. Kf3 Qc1 39. Kg2 Qc2 40. Rb8+ Kg7 41. Rb7 Qc5 42. e4 Qd6 43. Nd3 Kf8 44. Nf4 Qe5 45. Ra7 Qd4 46. Rb7 Qe5 47. Nh3 Qd4 48. Ng5 Bxg5 49. hxg5 Qe5 50. Rxf7+ Ke8 51. Rf6 Qxg5 52. Ra6 Qc1 53. Rxg6 h4 54. gxh4 Qf4 55. h5 Qh4 56. h6 Ke7 57. Re6+ Kd7 58. Kf3 Qh3+ 59. Ke2 Qh5+ 60. Ke3 Qh3+ 61. f3 Qh2 62. Rg6 1-0


[Site "https://www.chess.com"]

[Event "Titled Tuesday Blitz January 04 2022"]
[White "Gabrielian, Artur"]
[Black "Godzwon, Iwo"]
[WhiteFideId "4131002"]
[BlackFideId "21802483"]
[WhiteElo "2440"]
[BlackElo "2201"]
[Result "1/2-1/2"]
[Round "10"]
[TimeControl "180+1"]
[Date "2022.01.04"]
[WhiteClock "0:00:04"]
[BlackClock "0:00:14"]

1. d4 Nf6 2. c4 e6 3. Nc3 Bb4 4. a3 Bxc3+ 5. bxc3 d5 6. e3 O-O 7. cxd5 exd5 8. Bd3 Nc6 9. Ne2 Re8 10. f3 Na5 11. O-O c5 12. g4 Nd7 13. Ng3 Nf8 14. Ra2 Bd7 15. e4 cxd4 16. cxd4 Qb6 17. Be3 Rac8 18. Bf2 Rc3 19. exd5 Rxd3 20. Qxd3 Bb5 21. Qb1 Bxf1 22. Qxb6 axb6 23. Kxf1 Rd8 24. Nf5 Rd7 25. d6 g6 26. Ne7+ Kg7 27. d5 Rxd6 28. Bd4+ f6 29. g5 Kf7 30. gxf6 Nd7 31. Rc2 Nxf6 32. Nc8 Rxd5 33. Rc7+ Rd7 34. Bxb6 Rxc7 35. Bxc7 Nc4 36. a4 Ke6 37. Na7 Nd5 38. Bg3 Nc3 39. Nb5 Nxa4 40. Nc7+ Kd7 41. Nd5 Ke6 42. Nc7+ Kf5 43. Ne8 Nc3 44. Kf2 Nd5 45. Ke2 b5 46. Kd3 Nf6 47. Ng7+ Kg5 48. h4+ Kh6 49. Ne6 Nh5 50. Be1 g5 51. hxg5+ Kg6 52. f4 Kf5 53. Nd4+ Kxf4 54. Nxb5 Ne5+ 55. Ke2 Kxg5 56. Nd4 Nf4+ 57. Kf1 Ned3 58. Bd2 Kg4 59. Bxf4 Nxf4 60. Kf2 h5 61. Nf3 h4 62. Nxh4 1/2-1/2


[Site "https://www.chess.com"]

[Event "Titled Tuesday Blitz January 04 2022"]
[White "Gaehwiler, Gabriel"]
[Black "Karttunen, Mika"]
[WhiteFideId "1314530"]
[BlackFideId "502081"]
[WhiteElo "2383"]
[BlackElo "2343"]
[Result "0-1"]
[Round "10"]
[TimeControl "180+1"]
[Date "2022.01.04"]
[WhiteClock "0:00:10"]
[BlackClock "0:00:27"]

1. Nf3 Nf6 2. c4 g6 3. b3 Bg7 4. Bb2 O-O 5. g3 c6 6. Bg2 d5 7. O-O a5 8. cxd5 cxd5 9. Na3 Nc6 10. Nd4 Qb6 11. Nxc6 bxc6 12. Qc2 Nd7 13. Bxg7 Kxg7 14. Rfc1 Bb7 15. Qc3+ e5 16. Nc2 d4 17. Qc4 c5 18. Bxb7 Qxb7 19. Na3 Qb4 20. Nb5 Qxd2 21. Qd5 Rad8 22. Nd6 Qxe2 23. Nb7 Nf6 24. Qxc5 Rc8 25. Qxa5 Rxc1+ 26. Rxc1 d3 27. Re1 Qc2 28. Qc5 d2 0-1


[Site "https://www.chess.com"]

[Event "Titled Tuesday Blitz January 04 2022"]
[White "Grischuk, Alexander"]
[Black "Andreikin, Dmitry"]
[WhiteFideId "4126025"]
[BlackFideId "4158814"]
[WhiteElo "2762"]
[BlackElo "2736"]
[Result "1/2-1/2"]
[Round "10"]
[TimeControl "180+1"]
[Date "2022.01.04"]
[WhiteClock "0:00:05"]
[BlackClock "0:00:05"]

1. e4 c5 2. Nf3 e6 3. Bd3 Nc6 4. O-O d5 5. exd5 exd5 6. Bb5 Bg4 7. Qe1+ Be7 8. Ne5 Bd7 9. Bxc6 Bxc6 10. d3 Nf6 11. Nxc6 bxc6 12. Qe2 O-O 13. Nc3 Re8 14. Qf3 Qd7 15. Re1 h6 16. Bf4 Qf5 17. Re5 Qg4 18. Qxg4 Nxg4 19. Re2 Bf8 20. Rae1 Rxe2 21. Rxe2 g5 22. Bd2 Nf6 23. Na4 Nd7 24. h3 Nb6 25. Nc3 Rc8 26. f4 f6 27. Kf2 Kf7 28. Kf3 c4 29. d4 Rb8 30. f5 Nc8 31. b3 Nd6 32. g4 Re8 33. Rxe8 Kxe8 34. Be1 Kd7 35. Ke3 Nb5 36. Ne2 Na3 37. Kd2 Bb4+ 38. c3 Bd6 39. Bg3 a5 40. Bxd6 Kxd6 41. Ng3 Ke7 42. Nh5 Kf7 43. Kc1 Nb5 44. Kb2 Nd6 45. Ng3 Ke7 46. Kc2 Nb5 47. Kd2 Nd6 48. Kd1 Nb5 49. Kc2 Nd6 50. Kd2 Kf7 51. Kc2 Ke7 52. Kb2 Kd7 53. Kc1 Ke7 54. Kc2 Nb5 55. Kd2 Nd6 56. Kc1 Nb5 57. Kc2 Nd6 1/2-1/2


[Site "https://www.chess.com"]

[Event "Titled Tuesday Blitz January 04 2022"]
[White "Harshavardhan G B"]
[Black "Kalashian, David"]
[WhiteFideId "25059009"]
[BlackFideId "13302418"]
[WhiteElo "1831"]
[BlackElo "2490"]
[Result "1-0"]
[Round "10"]
[TimeControl "180+1"]
[Date "2022.01.04"]
[WhiteClock "0:01:22"]
[BlackClock "0:00:12"]

1. d4 Nf6 2. Nc3 d5 3. Bf4 c6 4. Nf3 Bf5 5. e3 Nbd7 6. Bd3 Bxd3 7. cxd3 e6 8. Ne5 Be7 9. Qf3 O-O 10. O-O-O Nxe5 11. Bxe5 Nd7 12. h4 c5 13. Kb1 b5 14. h5 b4 15. Ne2 cxd4 16. exd4 Nxe5 17. dxe5 Qb6 18. d4 Rfc8 19. Nf4 Rc4 20. h6 g6 21. Nh5 Qd8 22. Qg3 Rac8 23. f4 Qb6 24. f5 Rxd4 25. Nf4 Rxd1+ 26. Rxd1 Qc7 27. Qf2 Qxe5 28. fxe6 fxe6 29. Nd3 Qf5 30. Qxa7 Bf6 31. Qb7 e5 32. Qxd5+ Kh8 33. Qb5 e4 34. Qxf5 gxf5 35. Nxb4 Rb8 36. a3 Bg5 37. Rf1 f4 38. Nd5 e3 39. Nxf4 Bxf4 40. Rxf4 Re8 41. Rf1 e2 42. Re1 Kg8 43. b4 Kf7 44. Kc2 Kg6 45. Kd3 Ra8 46. Rxe2 Rxa3+ 47. Kc4 Ra1 48. b5 Rc1+ 49. Kb3 Rc8 50. Kb4 Kxh6 51. b6 Kg5 52. Kb5 Rb8 53. Ka6 h5 54. b7 Rg8 55. Ka7 1-0


[Site "https://www.chess.com"]

[Event "Titled Tuesday Blitz January 04 2022"]
[White "Ibrahimli, Murad"]
[Black "Smirnov, Timofey"]
[WhiteFideId "13410229"]
[BlackFideId "24176427"]
[WhiteElo "2109"]
[BlackElo "2320"]
[Result "1-0"]
[Round "10"]
[TimeControl "180+1"]
[Date "2022.01.04"]
[WhiteClock "0:00:18"]
[BlackClock "0:00:01"]

1. Nf3 d5 2. d4 Nf6 3. Bf4 c5 4. e3 Nc6 5. Nbd2 Bf5 6. c3 e6 7. h3 Qb6 8. Qb3 c4 9. Qxb6 axb6 10. a3 b5 11. Rc1 h6 12. Be2 Be7 13. O-O Nd7 14. Bd1 Nb6 15. Bc2 Bxc2 16. Rxc2 f5 17. Bc7 Na4 18. Re1 Kd7 19. Bh2 g5 20. Ne5+ Nxe5 21. Bxe5 Rhg8 22. f3 g4 23. hxg4 fxg4 24. e4 gxf3 25. Nxf3 Raf8 26. Kh1 Nb6 27. exd5 Nxd5 28. Bh2 Bd6 29. Rce2 Rf6 30. Rf2 Bxh2 31. Kxh2 Kd6 32. Re4 Rf5 33. Rh4 Rg6 34. Kg1 h5 35. Ne5 Rxf2 36. Kxf2 Rf6+ 37. Kg1 Rf5 38. Re4 Nf4 39. Re3 h4 40. Kh2 Kd5 41. Nf3 Nd3 42. Nxh4 Rh5 43. Kg3 Nxb2 44. Kg4 Rh7 45. Re5+ Kd6 46. Rxb5 Nd1 47. Rb6+ Kd5 48. Rb5+ Ke4 49. Nf3 Kd3 50. Kf4 Nxc3 51. Rb2 Nd5+ 52. Ke5 c3 53. Rf2 Ne3 54. Ne1+ Kc4 55. Kxe6 Kxd4 56. g4 Rg7 57. Rf4+ Kc5 58. Nd3+ 1-0


[Site "https://www.chess.com"]